 Dungeon Crawl Stone Soup version 0.28-a0-1087-gf3fc490d9d (webtiles) character file.

Game seed: 16744061290995326244

48 Armakuni the Conjurer (level 4, 0/30 HPs)
             Began as a Human Conjurer on Dec 10, 2021.
             Slain by a bullfrog (8 damage)
             ... on level 4 of the Dungeon.
             The game lasted 00:03:43 (1703 turns).

Armakuni the Conjurer (Human Conjurer)              Turns: 1703, Time: 00:03:43

Health: 0/30       AC:  3    Str:  9    XL:     4   Next: 0%
Magic:  5/8        EV: 12    Int: 18    God:
Gold:   100        SH:  0    Dex: 12    Spells: 6/8 levels left

rFire   . . .      SeeInvis .   a - +0 dagger (speed)
rCold   . . .      Faith    .   (no shield)
rNeg    . . .      Spirit   .   b - +1 robe
rPois   .          Reflect  .   (no helmet)
rElec   .          Harm     .   (no cloak)
rCorr   .          Rampage  .   (no gloves)
Will    .....                   (no boots)
Stlth   ++........              (no amulet)
HPRegen 0.10/turn               (no ring)
MPRegen 0.11/turn               (no ring)

@: no status effects
A: no striking features
a: no special abilities


You were on level 4 of the Dungeon.
You visited 1 branch of the dungeon, and saw 3 of its levels.

You collected 100 gold pieces.

Inventory:

Hand Weapons
 a - a +0 dagger of speed (weapon)
Missiles
 d - 18 poisoned darts
Armour
 b - a +1 robe (worn)
 f - a +0 ring mail
 i - a +0 buckler
Magical Staves
 c - a staff of fire
Scrolls
 h - a scroll of enchant armour


   Skills:
 - Level 2.0 Dodging
 - Level 2.0 Stealth
 + Level 2.9 Spellcasting
 + Level 4.7 Conjurations


You had 6 spell levels left.
You knew the following spells:

 Your Spells              Type           Power      Damage    Failure   Level
z - Searing Ray           Conj           38%        2d5       3%          2

Your spell library contained the following spells:

 Spells                   Type           Power      Damage    Failure   Level
 Magic Dart               Conj           76%        1d6       2%          1
 Dazzling Flash           Conj/Hex       22%        N/A       19%         3
 Fulminant Prism          Conj/Hex       5%         3d7       52%         4
 Iskenderun's Mystic Bla  Conj/Tloc      11%        2d4       52%         4


Dungeon Overview and Level Annotations

Branches:
Dungeon (2/15)

Altars:


Message History

d - 18 poisoned darts (gained 6)
Found a short sword.
Found a whip.
A sudden malevolence fills the Dungeon...
You fall into a shaft and drop 2 floors!
The shaft crumbles and collapses.
Found a buckler.
A bullfrog comes into view.
You see here a +0 buckler.
i - a +0 buckler
As you read the scroll labelled YRAQIGE JOECWAU, it crumbles to dust.
The scroll dissolves into smoke.
It was a scroll of fog.
Okay, then.
The bullfrog croaks.
As you read the scroll labelled YVAAX UFU OTEE, it crumbles to dust.
It is a scroll of amnesia.
Forget Magic Dart, freeing 1 spell level for a total of 6?
Your memory of Magic Dart unravels.
The bullfrog hits you.
This is a scroll of acquirement!
Something appears at your feet! The bullfrog hits you. The bullfrog misses you.
c - a staff of fire The bullfrog hits you.
As you read the scroll labelled VETIZAZUFO, it crumbles to dust.
It is a scroll of enchant armour.
Your +0 robe glows green for a moment.
The bullfrog hits you. x2
You aren't carrying any potions.
Okay, then.
You aren't carrying any items that you can evoke.
Unknown command.
Aiming: Searing Ray (safe; 3% risk of failure)
Press: ? - help, Q - select action, (/) - cycle Shift-Dir - straight line, f - bullfrog
Aim: a bullfrog (72% to hit)
The searing ray hits the bullfrog.
The bullfrog is moderately wounded. (Press . to maintain the ray.)
The bullfrog hits you.
* * * LOW HITPOINT WARNING * * *
You aren't carrying any potions.
The searing ray misses the bullfrog.
The bullfrog hits you!
You die...

########
#####§§§...#####
#..§§§§§##.F@..#
#.##§§#§##.###.#
....≈≈≈≈...≈≈≈≈
#
..#≈≈##≈#.≈≈##≈
≈≈≈≈# ≈≈≈≈≈## ≈.
#### ###### ≈≈
##≈


You could see a bullfrog.

Vanquished Creatures
  An adder (D:2)
  2 dart slugs (D:1)
  3 endoplasms (D:1)
  2 giant cockroaches (D:1)
  4 goblins (D:1)
  2 hobgoblins (D:1)
  5 kobolds (D:1)
  3 quokkas (D:1)
  A ball python (D:1)
  5 bats (D:1)
  3 frilled lizards (D:1)
  A rat (D:1)
32 creatures vanquished.

Notes
Turn   | Place    | Note
-------+----------+-------------------------------------------
     0 | D:1      | Armakuni the Human Conjurer began the quest for the Orb.
     0 | D:1      | Reached XP level 1. HP: 13/13 MP: 3/3
   262 | D:1      | Reached XP level 2. HP: 19/19 MP: 1/5
   265 | D:1      | Learned a level 2 spell: Searing Ray
   755 | D:1      | Reached XP level 3. HP: 24/24 MP: 3/6
  1390 | D:1      | Found a faded altar of an unknown god.
  1544 | D:2      | Reached XP level 4. HP: 30/30 MP: 3/8
  1684 | D:2      | You fall into a shaft and drop 2 floors!
  1685 | D:4      | Noticed a bullfrog
  1699 | D:4      | Identified a scroll of acquirement
  1699 | D:4      | Acquired a staff of fire
  1703 | D:4      | Slain by a bullfrog

Illustrated notes

Levels and vault maps discovered:
D:1:      roderic_dead_forest, layout_basic,
          hellmonk_ecumenical_altar_arch_garden
D:2:      layout_rooms
D:4:      layout_loops_cross, overflow_temple_1_default,
          minmay_temple_entry_waves, minmay_manual_mullet,
          uniq_crazy_yiuf_cottage, uniq_duvessa

Action                   |  1- 3 |  4- 6 || total
-------------------------+-------+-------++-------
Melee: Dagger            |    15 |       ||    15
 Cast: Magic Dart        |     7 |       ||     7
       Searing Ray       |    26 |     1 ||    27
  Use: Scroll            |       |     4 ||     4
Armor: Robe              |     2 |       ||     2
Dodge: Dodged            |    18 |     1 ||    19

Table legend: (Time is in decaauts)
 A = Elapsed time spent in this place.
 B = Non-inter-level travel time spent in this place.
 C = Inter-level travel time spent in this place.
 D = Time resting spent in this place.
 E = Time spent auto-exploring this place.
 F = Levels seen in this place.
 G = Mean time per level.
                   A        B        C        D        E       F      G
               +--------+--------+--------+--------+--------+-----+--------+
         Total |   1699 |   1676 |     23 |    439 |    950 |   3 |  566.3 |
       Dungeon |   1699 |   1676 |     23 |    439 |    950 |   3 |  566.3 |
               +--------+--------+--------+--------+--------+-----+--------+

Top non-repeatable levels by time:
     D:1: 1434 daAuts
     D:2: 245 daAuts
     D:4: 18 daAuts
